 Dungeon Crawl Stone Soup version 0.19.1-28-ge1247f7 (console) character file.

51576 Kloppie the Impaler (level 14, -11/150 HPs)
             Began as a Merfolk Berserker on Jan 21, 2017.
             Was a High Priest of Trog.
             Mangled by a white very ugly thing (37 damage)
             ... in an ice cave.
             The game lasted 00:30:09 (16183 turns).

Kloppie the Impaler (Merfolk Berserker)            Turns: 16183, Time: 00:30:10

Health: -11/150    AC: 13    Str: 26    XL:     14   Next: 60%
Magic:  4/4        EV: 22    Int:  9    God:    Trog [*****.]
Gold:   1017       SH:  0    Dex: 15    Spells: 0 memorised, 13 levels left

rFire  + + +     SeeInvis .     b - +5 glaive (antimagic)
rCold  . . .     Gourm    .     L - +1 ring mail of Fun {rPois rF++ Int+3 Dex-3}
rNeg   + . .     Faith    .     (shield currently unavailable)
rPois  +         Spirit   .     t - +0 helmet
rElec  .         Reflect  .     J - +2 cloak {+Inv}
rCorr  .         Harm     .     B - +2 pair of gloves {Str+3}
MR     +++..                    (no boots)
Stlth  +.........               P - amulet of regeneration
                                M - ring of positive energy
                                j - ring of protection from fire

@: mighty, exhausted, regenerating, slowed, very slow
A: change form in water, swift swim, stealthy swim, regeneration 1, robust 2
a: Berserk, Trog's Hand, Brothers in Arms, Burn Spellbooks, Renounce Religion,
Evoke Invisibility


You were in an ice cave.
You worshipped Trog.
Trog was extremely pleased with you.
You were not hungry.

You visited 4 branches of the dungeon, and saw 19 of its levels.
You also visited: Ice Cave.

You collected 1772 gold pieces.
You spent 755 gold pieces at shops.

Inventory:

Hand Weapons
 a - the +7 spear "Sarcophage" {pierce, rElec rC++ rN+ Str-2}
   (You found it on level 7 of the Dungeon)

   It inflicts extra damage upon your enemies.
   It affects your strength (-2).
   It greatly protects you from cold.
   It insulates you from electricity.
   It protects you from negative energy.
 b - a +5 antimagic glaive (weapon)
 h - a +3 bardiche of protection
Armour
 t - a +0 helmet (worn)
 B - a +2 pair of gloves of strength (worn)
 D - the +2 cloak "Biera" {rN+}
   (You acquired it on level 6 of the Lair of Beasts)

   It protects you from negative energy.
 J - a +2 cloak of invisibility (worn)
 L - the +1 ring mail of Fun (worn) {rPois rF++ Int+3 Dex-3}
   (You found it on level 2 of the Lair of Beasts)

   It affects your intelligence (+3).
   It affects your dexterity (-3).
   It greatly protects you from fire.
   It protects you from poison.
Jewellery
 i - an uncursed ring of protection from magic
 j - a ring of protection from fire (left hand)
 n - an uncursed ring of resist corrosion
 q - an uncursed ring of protection from fire
 M - a ring of positive energy (right hand)
 P - an amulet of regeneration (around neck)
Wands
 C - a wand of teleportation (6/9)
Scrolls
 d - 5 scrolls of recharging
 e - 11 scrolls of teleportation
 m - 3 scrolls of enchant armour
 s - 3 scrolls of magic mapping
 u - 4 scrolls of fog
 v - 3 scrolls of enchant weapon
 x - 6 scrolls of fear
 y - 5 scrolls of blinking
 z - 7 scrolls of remove curse
 A - a scroll of holy word {unknown}
 W - a scroll of noise {unknown}
Potions
 f - a potion of resistance
 g - 2 potions of flight
 k - a potion of invisibility
 r - 7 potions of curing
 E - 2 potions of cancellation
 F - 4 potions of heal wounds
 N - a potion of might
Books
 H - a book of Transfigurations

   Spells                             Type                      Level
   a - Irradiate                      Conjuration/Transmutation    5
   b - Statue Form                    Transmutation/Earth          6
   c - Hydra Form                     Transmutation                6
   d - Dragon Form                    Transmutation                7
   Trog disapproves of the use of such an item.
Comestibles
 c - 17 bread rations
 l - 5 meat rations
 o - 6 slices of pizza
 p - 10 beef jerkies
 w - 16 fruits


   Skills:
 + Level 16.2 Fighting
 - Level 20.0 Polearms
 - Level 1.3 Armour
 - Level 16.1 Dodging


You had 13 spell levels left.
You didn't know any spells.

Dungeon Overview and Level Annotations

Branches:
Dungeon (11/15)            Temple (0/1) D:5            Lair (6/6) D:8
  Swamp (1/4) Lair:2       Spider (0/4) Lair:4        Slime (0/5) Lair:5
    Orc (1/2) D:11

Altars:
Ashenzari
Elyvilon
Fedhas
Gozag
Makhleb
Okawaru
Trog
Vehumet
Xom
Beogh
Jiyva

Shops:
D:4 ![=?   D:5 %   D:9 ?   Orc:1 [**

Annotations:
IceCv exclusion: 2 ice statues


Innate Abilities, Weirdness & Mutations

You revert to your normal form in water.
You are very nimble and swift while swimming.
You are very stealthy in the water. (Stealth+)
Your natural rate of healing is unusually fast.
You are very robust. (+20% HP)


Message History

The anaconda simulacrum completely misses you.
The ice beast hits you but does no damage.
The anaconda simulacrum misses you. The anaconda simulacrum bites you.
* * * LOW HITPOINT WARNING * * *
The anaconda simulacrum freezes you!!
* * * LOW HITPOINT WARNING * * *
The anaconda simulacrum barely misses you. x3
The anaconda simulacrum bites you but does no damage.
The ice beast hits you but does no damage.
Your skin crawls.
You feel resistant to hostile enchantments.
You feel somewhat more hungry. The anaconda simulacrum misses you.
The anaconda simulacrum bites you.
* * * LOW HITPOINT WARNING * * *
The anaconda simulacrum freezes you!
* * * LOW HITPOINT WARNING * * *
The white very ugly thing headbutts you.
* * * LOW HITPOINT WARNING * * *
The white very ugly thing freezes you!!!
You die...

####### #############
#.....## ##..)..#8...8##
#......###......#......##
#.......#.......#.......#.
#.......#.Y.....#Y......#.
#.∩..∩...@ZY.YYY.Z........
#.......#.u.....#.Z.....#
#.......#.......#.......#
#......###......#......##
#.....## ##...([#.....##
####### #############


You could see a white very ugly thing, 5 ice beasts and an anaconda simulacrum.

Vanquished Creatures
  A very ugly thing (IceCv)
  Snorg (D:10)
  Josephine (D:10)
  The ghost of Dolanko the Basher, a journeyman DsAK of Lugonu (Lair:2)
  A catoblepas (Lair:6)
  An ice dragon (Swamp:1)
  The ghost of Kwzr the Carver, a journeyman DsFi of Okawaru (Lair:2)
  6 hydras
  Erica (D:10)
  The ghost of mora the Destroyer, a journeyman HECj of Vehumet (D:11)
  A deep troll shaman (Lair:6)
  A centaur warrior (D:11)
  4 death yaks (Lair:6)
  The ghost of Kloppie the Cleaver, a novice DrBe of Trog (D:6)
  Sonja (Lair:1)
  The ghost of fatfloppyjuicyveiny the Spry, a novice KoBe of Trog (D:7)
  5 skeletal warriors (D:11)
  2 hill giants
  4 elephants (Lair:6)
  2 black mambas
  Joseph (D:8)
  A centaur zombie (D:10)
  3 ice statues (IceCv)
  6 spiny frogs
  A rime drake (Lair:5)
  12 komodo dragons
  3 trolls (Orc:1)
  Grinder (D:6)
  A two-headed ogre (D:10)
  10 hippogriffs
  8 blink frogs
  The ghost of fatfloppyjuicyveiny the Ducker, an amateur KoHu (D:3)
  3 wraiths (D:10)
  2 dire elephant simulacra (IceCv)
  19 yaks
  2 wyverns (D:9)
  A basilisk (Lair:4)
  2 hungry ghosts
  3 wargs (D:8)
  4 vampire mosquitoes (Swamp:1)
  Menkaure (D:7)
  2 harpy simulacra (IceCv)
  A hydra simulacrum (IceCv)
  17 water moccasins
  5 porcupines
  Duvessa (D:7)
  14 orc warriors
  9 ice beasts
  A swamp drake (Swamp:1)
  2 black bears
  A sky beast (D:6)
  2 phantoms
  18 wolves
  13 centaurs
  6 ogres
  10 crocodiles
  2 big kobolds
  A gnoll sergeant (D:9)
  21 bullfrogs
  Dowan (D:7)
  11 scorpions
  4 killer bees (D:9)
  An electric eel (Lair:3)
  3 wights (D:11)
  4 howler monkeys
  2 crimson imps
  A quasit (D:8)
  5 bullfrog zombies
  10 orc priests
  A centaur skeleton (D:8)
  5 hounds
  3 jellies
  A bullfrog skeleton (D:9)
  6 worker ants
  6 iguanas
  23 orc wizards
  2 hound skeletons
  A howler monkey skeleton (D:10)
  12 adders
  13 gnolls
  3 shadow imps
  2 adder skeletons
  An adder zombie (D:6)
  4 worms
  A dart slug (D:4)
  4 leopard geckos
  75 orcs
  2 ball pythons
  19 giant cockroaches
  7 goblins
  6 hobgoblins
  8 jackals
  7 quokkas
  10 bats
  2 frilled lizards
  A jackal skeleton (D:5)
  28 kobolds
  A leopard gecko skeleton (D:5)
  A quokka skeleton (D:6)
  3 rats
  A fungus (D:4)
549 creatures vanquished.

Vanquished Creatures (others)
  An orc (D:10)
  3 fungi
4 creatures vanquished.

Grand Total: 553 creatures vanquished

Notes
Turn   | Place    | Note
-------+----------+-------------------------------------------
     0 | D:1      | Kloppie the Merfolk Berserker began the quest for the Orb.
     0 | D:1      | Reached XP level 1. HP: 18/18 MP: 1/1
   292 | D:1      | Reached XP level 2. HP: 25/25 MP: 2/2
   502 | D:2      | Reached skill level 5 in Polearms
   517 | D:2      | Reached XP level 3. HP: 28/30 MP: 3/3
   697 | D:2      | Reached XP level 4. HP: 38/38 MP: 4/4
   722 | D:2      | Reached ** piety under Trog
   813 | D:2      | Found an iron altar of Okawaru.
   821 | D:2      | Reached skill level 6 in Polearms
  1029 | D:2      | Gained mutation: Your natural rate of healing is unusually fast. [potion of mutation]
  1029 | D:2      | Gained mutation: You are robust. (+10% HP) [potion of mutation]
  1029 | D:2      | Gained mutation: You are very robust. (+20% HP) [potion of mutation]
  1244 | D:3      | Noticed fatfloppyjuicyveiny's ghost (amateur KoHu)
  1247 | D:3      | Reached XP level 5. HP: 51/51 MP: 5/5
  1256 | D:3      | Killed fatfloppyjuicyveiny's ghost
  1256 | D:3      | Reached skill level 5 in Fighting
  1256 | D:3      | Reached skill level 7 in Polearms
  1256 | D:3      | Reached XP level 6. HP: 62/62 MP: 6/6
  1639 | D:3      | Reached skill level 8 in Polearms
  1813 | D:4      | Found a radiant altar of Vehumet.
  1814 | D:4      | Found an opulent altar of Gozag.
  1829 | D:4      | Found Idout's Jewellery Emporium.
  1832 | D:4      | Bought a cursed amulet of inaccuracy for 22 gold pieces
  1832 | D:4      | Bought a cursed -2 ring of dexterity for 22 gold pieces
  1864 | D:4      | Found Ugeful's Distillery.
  1872 | D:4      | Bought a potion of curing for 39 gold pieces
  1887 | D:4      | Found Seug Oty's Antique Armour Shop.
  1894 | D:4      | Noticed a phantom
  1913 | D:4      | Killed a phantom
  1913 | D:4      | Reached skill level 9 in Polearms
  1913 | D:4      | Reached XP level 7. HP: 57/68 MP: 7/7
  2105 | D:4      | Reached skill level 10 in Polearms
  2222 | D:4      | Found a shimmering altar of Xom.
  2254 | D:4      | Found Yptang's Magic Scroll Emporium.
  2257 | D:4      | Bought a scroll of amnesia for 49 gold pieces
  2257 | D:4      | Bought a scroll of fog for 28 gold pieces
  2257 | D:4      | Bought a scroll of identify for 28 gold pieces
  2510 | D:4      | Reached skill level 11 in Polearms
  2583 | D:4      | Reached *** piety under Trog
  2583 | D:4      | Reached XP level 8. HP: 42/76 MP: 8/8
  2716 | D:5      | Entered Level 5 of the Dungeon
  2725 | D:5      | Found a shattered altar of Ashenzari.
  2725 | D:5      | Found a blossoming altar of Fedhas.
  2727 | D:5      | Found a bloodstained altar of Trog.
  2772 | D:5      | Received a gift from Trog
  2776 | D:5      | Found Dorij's Food Shoppe.
  2829 | D:5      | Reached skill level 12 in Polearms
  3137 | D:5      | Found a staircase to the Ecumenical Temple.
  3569 | D:6      | Found a white marble altar of Elyvilon.
  3581 | D:6      | Received a gift from Trog
  3584 | D:6      | Noticed Kloppie's ghost (novice DrBe)
  3619 | D:6      | HP: 4/121 [Kloppie's ghost (10)]
  3620 | D:6      | Killed Kloppie's ghost
  3620 | D:6      | Reached XP level 9. HP: 5/93 MP: 9/9
  3766 | D:5      | Reached skill level 10 in Fighting
  3904 | D:6      | Noticed Grinder
  3914 | D:6      | Killed Grinder
  3914 | D:6      | Reached skill level 5 in Dodging
  4776 | D:7      | Noticed fatfloppyjuicyveiny's ghost (novice KoBe)
  4791 | D:7      | Killed fatfloppyjuicyveiny's ghost
  4791 | D:7      | Reached XP level 10. HP: 80/102 MP: 10/10
  4952 | D:7      | Reached skill level 10 in Dodging
  5051 | D:7      | Reached **** piety under Trog
  5361 | D:7      | Found a burning altar of Makhleb.
  5364 | D:7      | Noticed Menkaure
  5379 | D:7      | Noticed Dowan
  5379 | D:7      | Killed Menkaure
  5383 | D:7      | Noticed Duvessa
  5467 | D:7      | Killed Duvessa
  5481 | D:7      | Killed Dowan
  5559 | D:7      | Got a smoking spear
  5560 | D:7      | Identified the +7 spear "Sarcophage" {pierce, rElec rC++ rN+ Str-2} (You found it on level 7 of the Dungeon)
  5673 | D:8      | Found a staircase to the Lair.
  5700 | D:8      | Reached skill level 13 in Polearms
  6119 | D:8      | Reached ***** piety under Trog
  6121 | D:8      | Noticed Joseph
  6135 | D:8      | Killed Joseph
  6135 | D:8      | Reached skill level 14 in Polearms
  6529 | D:4      | Bought a glowing cloak for 231 gold pieces
  6627 | Lair:1   | Entered Level 1 of the Lair of Beasts
  6854 | Lair:1   | Noticed Sonja
  6892 | Lair:1   | Killed Sonja
  6892 | Lair:1   | Reached XP level 11. HP: 70/111 MP: 11/11
  7435 | Lair:1   | Identified a scroll of acquirement
  7458 | Lair:2   | Noticed a seven-headed hydra
  7468 | Lair:2   | Killed a seven-headed hydra
  7517 | Lair:2   | Noticed Kwzr's ghost (journeyman DsFi)
  7565 | Lair:2   | Killed Kwzr's ghost
  7604 | Lair:2   | Got a brightly glowing ring mail
  7615 | Lair:2   | Identified the +1 ring mail of Fun {rPois rF++ Int+3 Dex-3} (You found it on level 2 of the Lair of Beasts)
  7870 | Lair:2   | Found a staircase to the Swamp.
  7895 | Lair:2   | Noticed Dolanko's ghost (journeyman DsAK)
  7907 | Lair:2   | Killed Dolanko's ghost
  8624 | Lair:3   | Noticed an eight-headed hydra
  8646 | Lair:3   | Killed an eight-headed hydra
  9124 | Lair:3   | You fall through a shaft for 3 floors!
  9124 | Lair:6   | Entered Level 6 of the Lair of Beasts
  9171 | Lair:6   | Reached XP level 12. HP: 113/127 MP: 12/12
  9214 | Lair:6   | Noticed a four-headed hydra
  9216 | Lair:6   | Got a pair of ancient gloves
  9238 | Lair:6   | Killed a four-headed hydra
  9290 | Lair:6   | Identified the +2 pair of gloves of Intercession {Dex+3} (You found it on level 6 of the Lair of Beasts)
  9361 | Lair:6   | Received a gift from Trog
  9585 | Lair:5   | Reached skill level 15 in Polearms
  9721 | Lair:4   | Reached skill level 16 in Polearms
  9769 | Lair:4   | Found a hole to the Spider Nest.
 10460 | Lair:4   | Reached skill level 15 in Dodging
 10745 | Lair:5   | Found a staircase to the Slime Pits.
 10833 | Lair:5   | Noticed a four-headed hydra
 10852 | Lair:5   | Killed a four-headed hydra
 10986 | Lair:5   | Reached XP level 13. HP: 80/134 MP: 13/13
 11222 | Lair:5   | Found a viscous altar of Jiyva.
 11637 | D:9      | Received a gift from Trog
 11854 | D:9      | Found Sovijarch's Magic Scroll Boutique.
 11980 | D:9      | Reached skill level 17 in Polearms
 12264 | D:10     | Entered Level 10 of the Dungeon
 12265 | D:10     | Noticed Erica
 12276 | D:10     | Killed Erica
 12450 | D:10     | Noticed Josephine
 12466 | D:10     | Killed Josephine
 12661 | D:10     | Noticed Snorg
 12684 | D:10     | Killed Snorg
 12684 | D:10     | Reached skill level 18 in Polearms
 13075 | D:11     | Reached ****** piety under Trog
 13092 | D:11     | Received a gift from Trog
 13140 | D:11     | Found a roughly hewn altar of Beogh.
 13140 | D:11     | Found a staircase to the Orcish Mines.
 13141 | D:11     | Noticed mora's ghost (journeyman HECj)
 13159 | D:11     | Killed mora's ghost
 13888 | D:11     | Reached skill level 15 in Fighting
 13987 | Orc:1    | Entered Level 1 of the Orcish Mines
 14089 | Orc:1    | Found Waahy's Assorted Antiques.
 14140 | Orc:1    | Found Byxzuh's Assorted Antiques.
 14179 | Orc:1    | Bought a pair of glowing gloves for 336 gold pieces
 14260 | Orc:1    | Found Upru's Antique Armour Boutique.
 14397 | Orc:1    | Reached XP level 14. HP: 136/147 MP: 14/14
 15047 | Lair:6   | Received a gift from Trog
 15347 | Lair:6   | Reached skill level 19 in Polearms
 15620 | Lair:6   | Reached skill level 20 in Polearms
 15643 | Lair:6   | Got a transparent cloak
 15654 | Lair:6   | Identified the +2 cloak "Biera" {rN+} (You acquired it on level 6 of the Lair of Beasts)
 15733 | Swamp:1  | Entered Level 1 of the Swamp
 15855 | Swamp:1  | Found a frozen archway.
 15878 | IceCv    | Entered an ice cave
 16040 | IceCv    | Noticed a white very ugly thing
 16059 | IceCv    | Killed a white very ugly thing
 16164 | IceCv    | Noticed a white very ugly thing
 16183 | IceCv    | Mangled by a white very ugly thing

Skill      XL: |  1  2  3  4  5  6  7  8  9 10 11 12 13 14 |
---------------+-------------------------------------------+-----
Polearms       | 5 6 7 9 11 12 14 16 18 20 | 20.0
Fighting       | 4 5 9 10 11 13 15 16 | 16.2
Dodging        | 9 10 12 15 16 | 16.1
Armour         | |  1.3

Action                   |  1- 3 |  4- 6 |  7- 9 | 10-12 | 13-15 || total
-------------------------+-------+-------+-------+-------+-------++-------
Melee: Spear             |    69 |   192 |   626 |   624 |    26 ||  1537
       Halberd           |       |       |       |   281 |   780 ||  1061
       Tailslap          |       |       |       |       |     3 ||     3
       Glaive            |       |       |       |       |   174 ||   174
Invok: Berserk           |     1 |     3 |     5 |    11 |    10 ||    30
       Trog's Hand       |       |     1 |     2 |     2 |     6 ||    11
  Use: Potion            |       |     5 |       |       |     1 ||     6
       Scroll            |       |       |     5 |    11 |     8 ||    24
 Stab: Held in net/web   |       |       |     2 |       |       ||     2
       Sleeping          |       |       |       |       |     1 ||     1
       Petrified         |       |       |       |       |     4 ||     4
  Eat: Chunk             |       |     6 |    10 |    18 |    26 ||    60
       Meat ration       |       |       |     1 |     3 |     1 ||     5
       Beef jerky        |       |       |       |       |     1 ||     1
Armor: Ring mail         |    16 |    43 |    80 |   149 |   208 ||   496
Dodge: Dodged            |    20 |    93 |   144 |   521 |   818 ||  1596
